 Dungeon Crawl Stone Soup version 0.26-a0-50-gc4d14cd842 (webtiles) character file.

Game seed: 8789587791187981671

1974 Lanoc the Insei (level 9, -1/72 HPs)
             Began as a Demonspawn Transmuter on June 4, 2020.
             Was a Follower of Cheibriados.
             Slain by a killer bee (5 damage)
             ... on level 7 of the Dungeon.
             The game lasted 00:18:44 (9930 turns).

Lanoc the Insei (Demonspawn Transmuter)             Turns: 9930, Time: 00:18:45

Health: -1/72      AC:  7    Str: 19 (21) XL:     9   Next: 0%
Magic:  10/12      EV: 15    Int: 16 (18) God:    Cheibriados [*.....]
Gold:   319        SH:  0    Dex: 16 (18) Spells: 6/12 levels left

rFire    . . .     SeeInvis +     - Unarmed
rCold    + . .     Gourm    .   (no shield)
rNeg     . . .     Faith    +   C - +0 robe
rPois    .         Spirit   .   (no helmet)
rElec    .         Reflect  .   n - +1 cloak
rCorr    .         Harm     .   (no gloves)
MR       .....                  (no boots)
Stlth    +.........             y - amulet of faith
HPRegen  0.22/turn              e - ring of see invisible
MPRegen  0.13/turn              j - +6 ring of strength

@: mighty, lethally poisoned (-1 -> -2), appendage, very slow
A: horns 2, rugged brown scales 3, cold resistance 1, freezing cloud immunity
a: End Transformation, Bend Time, Renounce Religion


You were on level 7 of the Dungeon.
You worshipped Cheibriados.
Cheibriados was aware of your devotion.
You were not hungry.
You had grown temporary horns.
You visited 2 branches of the dungeon, and saw 8 of its levels.

You collected 319 gold pieces.

Inventory:

Hand Weapons
 b - a +0 hunting sling
 H - the +5 hand axe of Circularity {freeze, rF+ Int+3}
   (You found it on level 4 of the Dungeon)

   It has been specially enchanted to freeze those struck by it, causing extra
   injury to most foes and up to half again as much damage against particularly
   susceptible opponents.
   It can also slow down cold-blooded creatures.
   It affects your intelligence (+3).
   It protects you from fire.
Missiles
 a - 97 arrows
 s - 28 sling bullets
 D - 93 stones (quivered)
Armour
 n - a +1 cloak (worn)
 r - a cursed +0 tower shield
 C - a +0 robe (worn)
Jewellery
 e - a ring of see invisible (left hand)
 j - a +6 ring of strength (right hand)
 y - an amulet of faith (around neck)
Wands
 w - a wand of random effects (20)
 B - a wand of polymorph (23)
 G - a wand of acid (6)
Scrolls
 c - 2 scrolls of amnesia
 f - a scroll of remove curse
 h - a scroll of fog
 l - 3 scrolls of immolation
 x - 3 scrolls of magic mapping
Potions
 i - 3 potions of magic
 o - a potion of flight
Comestibles
 d - 3 rations


   Skills:
 + Level 5.2 Fighting
 + Level 5.0 Dodging
 * Level 7.3 Unarmed Combat
 - Level 2.0 Spellcasting
 + Level 5.0 Transmutations


You had 6 spell levels left.
You knew the following spells:

 Your Spells              Type           Power        Failure   Level  Hunger
a - Beastly Appendage     Tmut           ###...       2%          1    #......
b - Sticks to Snakes      Tmut           ###.....     3%          2    ###....
c - Spider Form           Tmut/Pois      #.........   22%         3    ###....

Your spell library contained the following spells:

 Spells                   Type           Power        Failure   Level  Hunger
 Summon Small Mammal      Summ           #...         21%         1    #......
 Call Imp                 Summ           #.......     30%         2    ###....
 Call Canine Familiar     Summ           #.......     52%         3    ###....
 Summon Guardian Golem    Hex/Summ       #.......     52%         3    ###....
 Blade Hands              Tmut           ###.......   56%         5    ######.
 Ice Form                 Ice/Tmut       #.......     58%         4    #####..
 Summon Ice Beast         Ice/Summ       #.......     90%         4    #####..
 Summon Lightning Spire   Summ/Air       #.......     90%         4    #####..


Dungeon Overview and Level Annotations

Branches:
Dungeon (6/15)             Temple (1/1) D:5

Altars:
Ashenzari
Cheibriados
Dithmenos
Elyvilon
Fedhas
Gozag
Hepliaklqana
Kikubaaqudgha
Makhleb
Nemelex Xobeh
Okawaru
Ru
Sif Muna
Trog
Uskayaw
Vehumet
Wu Jian
Xom
Yredelemnul
Zin
The Shining One

Shops:
D:2 *


Innate Abilities, Weirdness & Mutations

You are completely covered in rugged brown scales. (AC +3, +7% HP)
Your flesh is cold resistant. (rC+)
You are immune to freezing clouds.
You have a pair of horns on your head.


Message History

You pummel the killer bee!!
You kill the killer bee!
Cheibriados thoroughly appreciates the change of pace.
Cheibriados raises the support of your attributes as your movement slows.
Your Dodging skill increases to level 5!
You have reached level 9!
Your experience leads to an increase in your attributes!
Your base attributes are Str 12, Int 15, Dex 14.
Increase (S)trength, (I)ntelligence, or (D)exterity?
You feel agile.
Your demonic ancestry asserts itself...
Rugged brown scales cover your body completely.
You feel sick.
The killer bee stings you but does no damage.
You completely miss the killer bee. The killer bee misses you.
The killer bee stings you.
* * * LOW HITPOINT WARNING * * *
You closely miss the killer bee.
You feel sick. The killer bee stings you.
* * * LOW HITPOINT WARNING * * *
The killer bee stings you.
You die...

..........#
#.#
...<......#
#.#
..[.......#
#D#
..........#
#.#
........[.#
#.#
..........#
#.#
......yyy.#
#.#
.######y###
#.# #@# #.#
#.#######.#
#.........#
###########


You could see 4 killer bees.

Vanquished Creatures
  A hippogriff (D:7)
  Sigmund (D:3)
  A steam dragon (D:7)
  A water moccasin (D:6)
  A phantom (D:6)
  A necrophage (D:5)
  An ogre (D:3)
  A centaur (D:5)
  2 bullfrogs
  2 scorpions
  7 killer bees (D:7)
  A jelly (D:5)
  A bullfrog zombie (D:5)
  2 orc priests
  An orc wizard (D:3)
  2 hounds (D:4)
  3 worker ants
  Robin (D:3)
  4 gnolls (D:7)
  8 adders
  2 shadow imps
  An ooze (D:2)
  2 dart slugs
  6 leopard geckos
  9 orcs
  9 bats
  4 giant cockroaches
  16 goblins
  9 hobgoblins
  12 jackals
  2 kobolds
  3 quokkas
  A ball python (D:2)
  A frilled lizard (D:1)
  A giant cockroach zombie (D:5)
  A jackal zombie (D:5)
  A quokka skeleton (D:5)
  5 rats
127 creatures vanquished.

Vanquished Creatures (collateral kills)
  A centaur (D:7)
  A crimson imp (D:5)
  An orc wizard (D:4)
  Crazy Yiuf (D:3)
  Ijyb (D:4)
  Jessica (D:3)
  An orc (D:4)
  A jackal (D:4)
8 creatures vanquished.

Vanquished Creatures (others)
  A wizard (D:3)
1 creature vanquished.

Grand Total: 136 creatures vanquished

Notes
Turn   | Place    | Note
-------+----------+-------------------------------------------
     0 | D:1      | Lanoc the Demonspawn Transmuter began the quest for the
                  | Orb.
     0 | D:1      | Reached XP level 1. HP: 15/15 MP: 3/3
   423 | D:1      | Gained mutation: You are partially covered in rugged brown
                  | scales. (AC +1, +3% HP) [demonic ancestry]
   423 | D:1      | Reached XP level 2. HP: 15/21 MP: 5/5
   595 | D:1      | Reached skill level 3 in Unarmed Combat
  1256 | D:2      | Learned a level 2 spell: Sticks to Snakes
  1431 | D:2      | Gained mutation: You are mostly covered in rugged brown
                  | scales. (AC +2, +5% HP) [demonic ancestry]
  1431 | D:2      | Reached XP level 3. HP: 21/27 MP: 4/6
  1900 | D:2      | Learned a level 3 spell: Spider Form
  2021 | D:2      | Found Gozag's Platinum Reserve.
  2021 | D:2      | Found an opulent altar of Gozag.
  2343 | D:2      | Gained mutation: Your flesh is cold resistant. (rC+)
                  | [demonic ancestry]
  2343 | D:2      | Reached XP level 4. HP: 34/34 MP: 5/7
  2917 | D:3      | Noticed an ogre
  3262 | D:3      | Noticed a bullfrog
  3269 | D:3      | Killed a bullfrog
  3269 | D:3      | Reached skill level 4 in Unarmed Combat
  3269 | D:3      | Reached XP level 5. HP: 15/40 MP: 6/8
  3641 | D:3      | Noticed Sigmund
  3662 | D:3      | Killed Sigmund
  3662 | D:3      | Gained mutation: You are immune to freezing clouds.
                  | [demonic ancestry]
  3662 | D:3      | Reached XP level 6. HP: 48/48 MP: 2/9
  3754 | D:3      | Found a bloodstained altar of Trog.
  4207 | D:3      | Found a runed translucent door.
  4208 | D:3      | Noticed Crazy Yiuf
  4208 | D:3      | Noticed Jessica
  4232 | D:3      | Killed Crazy Yiuf
  4234 | D:3      | Killed Jessica
  4512 | D:3      | Noticed Robin
  4517 | D:3      | Killed Robin
  4920 | D:3      | Noticed a wizard
  4927 | D:3      | Killed a wizard
  5032 | D:4      | Reached skill level 5 in Unarmed Combat
  5117 | D:4      | Reached XP level 7. HP: 54/54 MP: 6/10
  5182 | D:4      | Noticed Ijyb
  5212 | D:5      | Entered Level 5 of the Dungeon
  5610 | D:4      | Killed Ijyb
  5941 | D:4      | Got a jewelled hand axe
  5942 | D:4      | Identified the +5 hand axe of Circularity {freeze, rF+
                  | Int+3} (You found it on level 4 of the Dungeon)
  6349 | D:5      | Found a white marble altar of Elyvilon.
  6355 | D:5      | Found a glowing golden altar of the Shining One.
  6877 | D:5      | Found a staircase to the Ecumenical Temple.
  7207 | Temple   | Entered the Ecumenical Temple
  7430 | Temple   | Became a worshipper of Cheibriados the Contemplative
  7528 | D:6      | Reached skill level 6 in Unarmed Combat
  7528 | D:6      | Reached XP level 8. HP: 11/63 MP: 8/11
  8264 | D:6      | Identified the +8 flail "Xebboane" {vorpal, Fragile +Fly
                  | rN+ SInv}
  8334 | D:6      | You fall into a shaft and drop 1 floor!
  8567 | D:7      | Noticed a hippogriff
  8582 | D:7      | Killed a hippogriff
  8851 | D:7      | Reached * piety under Cheibriados
  9112 | D:7      | HP: 3/64 [poisoned by a killer bee]
  9117 | D:7      | HP: 2/64 [poisoned by a killer bee]
  9123 | D:7      | HP: 1/64 [poisoned by a killer bee]
  9132 | D:7      | HP: 1/64 [poisoned by a killer bee]
  9138 | D:7      | HP: 1/64 [poisoned by a killer bee]
  9144 | D:7      | HP: 2/64 [poisoned by a killer bee]
  9150 | D:7      | HP: 2/64 [poisoned by a killer bee]
  9518 | D:7      | Reached skill level 5 in Fighting
  9518 | D:7      | Reached skill level 7 in Unarmed Combat
  9547 | D:7      | HP: 3/65 [poisoned by a killer bee]
  9556 | D:7      | HP: 2/65 [poisoned by a killer bee]
  9562 | D:7      | HP: 2/65 [poisoned by a killer bee]
  9568 | D:7      | HP: 2/65 [poisoned by a killer bee]
  9574 | D:7      | HP: 2/65 [poisoned by a killer bee]
  9580 | D:7      | HP: 3/65 [poisoned by a killer bee]
  9586 | D:7      | HP: 3/65 [poisoned by a killer bee]
  9915 | D:7      | Reached skill level 5 in Transmutations
  9928 | D:7      | Reached skill level 5 in Dodging
  9928 | D:7      | Gained mutation: You are completely covered in rugged brown
                  | scales. (AC +3, +7% HP) [demonic ancestry]
  9928 | D:7      | Reached XP level 9. HP: 12/72 MP: 9/12
  9930 | D:7      | Slain by a killer bee

Illustrated notes

Levels and vault maps discovered:
D:1:      noname_arrival_rooms_in_the_neighbourhood, layout_loops_ring,
          serial_forest, infiniplex_forest_lined_3,
          infiniplex_forest_clump_small, infiniplex_forest_straight_2,
          infiniplex_forest_clump_curved, infiniplex_forest_zigzag_1,
          infiniplex_forest_lined_3, infiniplex_forest_straight_4
D:2:      minmay_door_path, layout_basic, nicolae_gozag_zags_fifth_avenue,
          first_ration
D:3:      layout_loops_cross, trog_wizard, uniq_sigmund, uniq_robin,
          uniq_crazy_yiuf_cottage, uniq_jessica
D:4:      layout_gridville, uniq_ijyb
D:5:      layout_basic, amethyst_overflow_temple_binary, temple_doors_cd,
          kennysheep_generic_room_4
D:6:      layout_rooms, minivault_4, kennysheep_decorative_pillar,
          grunt_decor_mini_mirrors, corexii_shack,
          minmay_a_box_with_orc_wizards_in_it
D:7:      layout_basic, hangedman_decor_peaks_small
Temple:   dpeg_five_rooms_temple

Skill      XL: |  1  2  3  4  5  6  7  8 |
---------------+-------------------------+-----
Dodging        | 2 3 4 5 |  5.0
Unarmed Combat | 3 4 5 6 7 |  7.3
Transmutations | 2 3 4 5 |  5.0
Fighting       | 2 3 4 5 |  5.2
Spellcasting   | |  2.0

Action                   |  1- 3 |  4- 6 |  7- 9 || total
-------------------------+-------+-------+-------++-------
Melee: Unarmed           |   111 |   174 |   283 ||   568
       Headbutt          |     6 |    10 |    17 ||    33
       Dagger            |    14 |       |       ||    14
       Kick              |     6 |    24 |    35 ||    65
       Punch             |     1 |     2 |     7 ||    10
 Cast: Beastly Appendage |    29 |    31 |    32 ||    92
       Sticks to Snakes  |       |    16 |    32 ||    48
  Use: Scroll            |     3 |       |     8 ||    11
       Potion            |       |     1 |    11 ||    12
 Stab: Distracted        |       |       |     1 ||     1
  Eat: Chunk             |     5 |     7 |    12 ||    24
       Ration            |       |     1 |     2 ||     3
Armor: Robe              |    44 |    35 |    68 ||   147
       Skin              |       |       |    18 ||    18
Dodge: Dodged            |   101 |   122 |   278 ||   501

Table legend:
 A = Non-vault XP
 B = Vault XP
 C = Vault XP percentage of total XP
 D = Non-vault monster count
 E = Vault monster count
 F = Vault count percentage of total count
                 A         B        C        D         E       F
            +---------+---------+-------+---------+---------+-------
      Total |    2484 |     337 |  11.9 |     114 |      21 |  15.6
            +---------+---------+-------+---------+---------+-------
        D:1 |      30 |       0 |   0.0 |      14 |       0 |   0.0
        D:2 |      81 |      26 |  24.3 |      27 |       3 |  10.0
        D:3 |     305 |     237 |  43.7 |      20 |      14 |  41.2
        D:4 |     193 |      27 |  12.3 |      17 |       1 |   5.6
        D:5 |     420 |      45 |   9.7 |      13 |       2 |  13.3
        D:6 |     435 |       2 |   0.5 |       9 |       1 |  10.0
        D:7 |    1020 |       0 |   0.0 |      14 |       0 |   0.0
            +---------+---------+-------+---------+---------+-------
